 Dungeon Crawl Stone Soup version 0.27.0-1-g7a089689b8 (webtiles) character file.

Game seed: 17612720467711139330

100 Nordron the Chopper (level 5, 0/40 HPs)
             Began as a Djinni Gladiator on Aug 14, 2021.
             Slain by a shadow imp (3 damage)
             ... summoned by Natasha
             ... on level 2 of the Dungeon.
             The game lasted 00:04:47 (1692 turns).

Nordron the Chopper (Djinni Gladiator)              Turns: 1692, Time: 00:04:47

Health: 0/40       AC:  6    Str: 13    XL:     5   Next: 3%
Gold:   58         EV: 11    Int: 11    God:
                   SH:  0    Dex: 14

rFire    + + .     SeeInvis .   a - +0 war axe
rCold    x . .     Faith    .   (no shield)
rNeg     . . .     Spirit   .   e - +0 ring mail
rPois    ∞         Reflect  .   c - +0 helmet
rElec    .         Harm     .   (no cloak)
rCorr    .         Rampage  .   (no gloves)
Will     .....                  (boots unavailable)
Stlth    +.........             (no amulet)
HPRegen  0.13/turn              (no ring)
MPRegen  0.00/turn              (no ring)

@: flying
A: sickness immunity, fire resistance 2, cold vulnerability 1, float, innate
caster, hp casting, extra vitality 1
a: no special abilities


You were on level 2 of the Dungeon.
You visited 1 branch of the dungeon, and saw 2 of its levels.

You collected 58 gold pieces.

Inventory:

Hand Weapons
 a - a +0 war axe (weapon)
Missiles
 d - 3 throwing nets (quivered)
Armour
 b - a +0 leather armour
 c - a +0 helmet (worn)
 e - a +0 ring mail (worn)
Scrolls
 g - 2 scrolls of identify {unknown}
Potions
 f - a potion of invisibility {unknown}
 i - a potion of attraction {unknown}
 j - a potion of curing
 k - a potion of might {unknown}


   Skills:
 * Level 3.3 Fighting
 + Level 3.7 Axes
 - Level 1.5 Throwing
 - Level 3.2 Dodging


You had one spell level left.
You knew the following spells:

 Your Spells              Type           Power      Damage    Failure   Level
a - Summon Small Mammal   Summ           0%         N/A       61%         1
b - Call Imp              Summ           0%         N/A       75%         2
Your spell library was empty.

Dungeon Overview and Level Annotations

Branches:
Dungeon (2/15)

Altars:

Annotations:
D:2 Natasha


Innate Abilities, Weirdness & Mutations

You are immune to sickness and miasma.
You are immune to poison.
Your flesh is very heat resistant. (rF++)
You are vulnerable to cold. (rC-)
You float through the air rather than walking.
You learn spells naturally, not from books.
Your magical power is your life essence.
You have superior vitality. (+4 HP)


Message History

You barely miss Natasha.
Natasha is heavily wounded.
Natasha claws you.
* * * LOW HITPOINT WARNING * * *
Natasha mumbles some strange words.
Natasha shimmers violently.
You hit Natasha.
Natasha is heavily wounded.
Natasha claws you.
* * * LOW HITPOINT WARNING * * *
The shadow imp grinds its teeth.
Natasha closely misses you.
It was a potion of curing.
You feel better.
Natasha casts a spell.
You hit Natasha.
Natasha is almost dead.
You closely miss the shadow imp. The shadow imp hits you.
* * * LOW HITPOINT WARNING * * *
Natasha claws you.
* * * LOW HITPOINT WARNING * * *
You barely miss Natasha.
Natasha is almost dead.
You closely miss the shadow imp. Natasha closely misses you.
The shadow imp gestures at you.
You struggle to resist.
You closely miss Natasha.
Natasha is almost dead.
You barely miss the shadow imp.
The shadow imp hits you but does no damage.
Natasha closely misses you.
The shadow imp hits you but does no damage.
Natasha completely misses you.
You barely miss Natasha.
Natasha is almost dead.
You hit the shadow imp. The shadow imp closely misses you. Natasha claws you.
* * * LOW HITPOINT WARNING * * *
You barely miss Natasha.
Natasha is almost dead.
You hit the shadow imp. Natasha closely misses you. The shadow imp hits you.
You die...

##.# #?. ..# #...##... #
... #.#...####......##
#....##># #.............
#........ #.##.#....####
#...#...###h##.#....####
#.......................
#......5##..............
....#h#........>...... ..#
#@#.......)....... .
#5................ .
##................
...#######...............
#........................
#.######.................
##.######.................
#............###.####..##.
#..........### #..####....


You could see Natasha and 2 shadow imps.

Vanquished Creatures
  Natasha (twice) (D:2)
  4 dart slugs (D:1)
  5 endoplasms
  3 giant cockroaches (D:1)
  3 goblins
  3 hobgoblins
  4 kobolds
  3 quokkas
  6 ball pythons
  3 bats (D:1)
  2 frilled lizards (D:1)
  4 rats
42 creatures vanquished.

Vanquished Creatures (others)
  26 plants (D:1)
26 creatures vanquished.

Grand Total: 68 creatures vanquished

Notes
Turn   | Place    | Note
-------+----------+-------------------------------------------
     0 | D:1      | Nordron the Djinni Gladiator began the quest for the Orb.
     0 | D:1      | Reached XP level 1. HP: 18/18 MP: 0/0
   262 | D:1      | Reached XP level 2. HP: 20/23 MP: 0/0
   591 | D:1      | Reached XP level 3. HP: 29/29 MP: 0/0
   591 | D:1      | Learned a level 1 spell: Summon Small Mammal
   667 | D:1      | Found a faded altar of an unknown god.
  1178 | D:2      | Noticed Natasha
  1305 | D:2      | Reached XP level 4. HP: 33/34 MP: 0/0
  1408 | D:2      | Killed Natasha
  1636 | D:2      | Noticed Natasha
  1666 | D:2      | Killed Natasha
  1667 | D:2      | Reached XP level 5. HP: 6/40 MP: 0/0
  1667 | D:2      | Learned a level 2 spell: Call Imp
  1672 | D:2      | Noticed Natasha
  1679 | D:2      | HP: 2/40 [Natasha (5)]
  1686 | D:2      | HP: 2/40 [Natasha (6)]
  1692 | D:2      | Slain by a shadow imp

Illustrated notes

Levels and vault maps discovered:
D:1:      roderic_crop_circles_arrival_large, layout_basic,
          shapermc_ecumenical_altar_petra, minmay_close_crescents
D:2:      layout_rooms, uniq_natasha

Skill      XL: |  1  2  3  4 |
---------------+-------------+-----
Axes           | 3 |  3.7
Fighting       | 3 |  3.3
Throwing       | |  1.5
Dodging        | |  3.2

Action                   |  1- 3 |  4- 6 || total
-------------------------+-------+-------++-------
Melee: War axe           |    93 |    43 ||   136
 Cast: Summon Small Mamm |       |     1 ||     1
  Use: Potion            |       |     2 ||     2
 Stab: Sleeping          |     1 |       ||     1
Armor: Ring mail         |    41 |    17 ||    58
Dodge: Dodged            |    49 |    37 ||    86
